Map: [G8] Gresvan

Players

Classic

  • Race: Protoss Protoss
  • Spawn Location: 5:00

Serral - Winner!

  • Race: Zerg Zerg
  • Spawn Location: 11:00

Event: Gamers8 2023

VOD

Have the link to the VOD?

Description

Time

  • Played on: Aug. 4, 2023, 11:30 a.m.
  • Length: 49:29

All games in this series

Show
View Real Time Build Order
Export as new Build Order

Classic Protoss 

Build Orders: 1 Gate Expand, Oracle Opening, Archon Immortal 

Get SALT Encoding   

  12  0:00  Probe  
  13  0:12  Probe  
  14  0:19  Pylon  
  14  0:24  Probe  
  15  0:37  Probe (Chrono Boost)  
  15  0:39  Gateway  
  16  0:46  Assimilator, Probe (Chrono Boost)  
  17  0:51  Probe (Chrono Boost)  
  18  1:03  Probe  
  19  1:15  Probe  
  20  1:23  Nexus  
  20  1:27  Probe  
  21  1:39  Cybernetics Core  
  21  1:42  Probe  
  22  1:47  Assimilator  
  22  1:53  Pylon  
  22  1:55  Probe  
  23  2:11  Probe (Chrono Boost)  
  23  2:14  Adept (Chrono Boost)  
  23  2:15  Stargate  
  24  2:20  Probe (Chrono Boost)  
  27  2:25  Probe (Chrono Boost)  
  27  2:26  Warp Gate  
  28  2:36  Adept  
  28  2:37  Probe (Chrono Boost)  
  29  2:43  Probe (Chrono Boost)  
  32  2:46  Probe (Chrono Boost)  
  32  2:50  Probe (Chrono Boost)  
  32  2:51  Probe (Chrono Boost)  
  35  2:59  Oracle (Chrono Boost)  
  35  3:01  Probe  
  35  3:03  Probe  
  40  3:05  Pylon  
  40  3:08  Stalker  
  42  3:13  Probe  
  42  3:15  Probe  
  44  3:21  Gateway  
  44  3:25  Probe  
  45  3:27  Probe  
  45  3:32  Oracle (Chrono Boost)  
  46  3:40  Probe x2  
  51  3:42  Pylon  
  51  3:52  Nexus  
  51  3:54  Probe  
  52  4:00  Probe  
  52  4:01  Assimilator  
  53  4:05  Oracle  
  53  4:06  Probe  
  57  4:12  Probe  
  57  4:13  Pylon  
  58  4:18  Probe  
  59  4:30  Probe x2  
  61  4:34  Assimilator  
  61  4:38  Twilight Council  
  61  4:40  Forge  
  61  4:42  Probe x2  
  61  4:45  Gateway  
  63  4:46  Gateway  
  63  4:54  Probe x2  
  63  4:55  Gateway  
  63  4:57  Gateway  
  65  5:03  Pylon  
  65  5:04  Probe  
  65  5:06  Probe x2  
  68  5:16  Probe  
  68  5:18  Protoss Ground Weapons Level 1 (Chrono Boost), Probe x2 (Chrono Boost)  
  71  5:22  Blink  
  71  5:25  Assimilator  
  71  5:28  Assimilator, Probe (Chrono Boost)  
  71  5:30  Probe (Chrono Boost)  
  71  5:31  Probe (Chrono Boost)  
  71  5:32  Templar Archives  
  71  5:33  Pylon  
  74  5:38  Probe (Chrono Boost)  
  74  5:39  Probe x2 (Chrono Boost)  
  77  5:43  Probe (Chrono Boost)  
  77  5:44  Probe  
  77  5:45  Probe  
  77  5:49  Photon Cannon  
  80  5:55  Probe  
  80  5:56  Probe  
  83  5:57  Nexus, Probe  
  83  5:58  Psionic Storm  
  83  5:59  Pylon  
  83  6:07  Probe  
  83  6:08  Probe  
  83  6:09  Probe  
  86  6:14  High Templar x2  
  90  6:18  High Templar x2  
  90  6:20  Pylon  
  90  6:22  Gateway  
  94  6:25  Gateway  
  94  6:27  Gateway  
  94  6:30  Robotics Facility  
  94  6:31  Robotics Facility  
  94  6:34  Shield Battery  
  94  6:36  Assimilator  
  94  6:38  Pylon  
  94  6:40  Assimilator  
  94  6:41  Probe x3  
  94  6:47  Stalker  
  94  6:53  Stalker x4  
  104  6:57  Protoss Ground Weapons Level 2 (Chrono Boost)  
  104  6:59  Pylon  
  104  7:02  Pylon  
  104  7:05  Probe x3  
  107  7:11  Shield Battery  
  107  7:14  Pylon  
  107  7:15  Stalker x2  
  111  7:18  Immortal (Chrono Boost)  
  111  7:19  Observer (Chrono Boost)  
  116  7:31  Stalker x3  
  116  7:34  Probe x3  
  116  7:35  Probe  
  126  7:40  Stalker  
  126  7:41  Stalker x2  
  132  7:47  Immortal (Chrono Boost)  
  136  7:51  Immortal (Chrono Boost)  
  137  7:59  High Templar x2  
  137  8:01  Photon Cannon, Pylon  
  137  8:03  Pylon  
  141  8:09  Gateway  
  141  8:10  Nexus  
  141  8:13  Pylon  
  141  8:14  High Templar x2  
  145  8:20  Archon  
  145  8:23  Stalker x4  
  153  8:31  Stalker x2  
  153  8:32  Stalker  
  159  8:36  Pylon, Immortal (Chrono Boost)  
  165  8:50  Warp Prism (Chrono Boost)  
  165  8:55  High Templar x2  
  165  8:56  High Templar x2  
  165  8:57  Probe x4  
  165  9:00  Protoss Ground Weapons Level 3 (Chrono Boost)  
  165  9:02  Archon  
  177  9:03  Stalker x4  
  177  9:09  Pylon  
  185  9:10  Photon Cannon  
  185  9:12  Photon Cannon  
  175  9:38  Stalker x10  
  167  9:45  Immortal  
  175  9:50  Immortal (Chrono Boost)  
  165  10:01  Stalker x5  
  165  10:02  Stalker  
  169  10:08  Stalker x3  
  169  10:11  Probe  
  169  10:12  Probe x3  
  163  10:22  Immortal (Chrono Boost), High Templar  
  163  10:27  Immortal (Chrono Boost)  
  173  10:29  Probe x2  
  173  10:30  Probe x3  
  173  10:33  Assimilator  
  178  10:37  Zealot x3, Assimilator  
  178  10:38  Zealot  
  178  10:39  High Templar x2  
  190  10:44  Charge  
  190  10:47  Observer  
  190  10:49  High Templar  
  192  11:08  Photon Cannon  
  192  11:09  Photon Cannon  
  192  11:11  Photon Cannon  
  192  11:12  Shield Battery  
  192  11:13  Stargate  
  192  11:14  Fleet Beacon  
  192  11:16  Stargate  
  185  11:18  Probe x2  
  185  11:19  Probe x3  
  189  11:25  Stalker x2  
  189  11:27  Protoss Ground Armor Level 1 (Chrono Boost)  
  193  11:38  Zealot x3  
  199  11:43  Zealot x3  
  191  12:14  Stargate, Tempest x3 (Chrono Boost)  
  188  12:15  Stargate  
  188  12:18  Warp Prism x2 (Chrono Boost)  
  190  12:22  Protoss Air Weapons Level 1 (Chrono Boost)  
  190  12:29  Pylon  
  190  12:32  Photon Cannon  
  190  12:33  Photon Cannon  
  190  12:34  Stalker  
  190  12:35  High Templar x2  
  190  12:36  Pylon  
  196  12:41  Cybernetics Core  
  190  13:09  Nexus  
  190  13:11  Photon Cannon  
  190  13:12  Photon Cannon  
  190  13:14  Photon Cannon  
  190  13:16  Photon Cannon  
  190  13:18  Photon Cannon  
  190  13:19  Pylon  
  190  13:23  Pylon  
  190  13:29  Zealot x5  
  196  13:37  Zealot x5  
  180  13:51  Shield Battery  
  180  13:53  Photon Cannon  
  180  13:54  Photon Cannon  
  174  13:56  Photon Cannon  
  174  13:59  Zealot x9  
  174  14:00  Zealot  
  174  14:02  Warp Prism x2  
  178  14:09  Carrier x3 (Chrono Boost)  
  173  14:16  Tempest x2 (Chrono Boost), Protoss Shields Level 1 (Chrono Boost)  
  186  14:21  Stargate, Assimilator, Mothership (Chrono Boost)  
  186  14:23  Assimilator, Stargate  
  186  14:28  Zealot  
  186  14:29  Zealot x2  
  200  14:33  Shield Battery  
  200  14:45  Robotics Bay  
  200  14:53  Protoss Air Armor Level 1 (Chrono Boost)  
  200  14:56  Protoss Air Weapons Level 2 (Chrono Boost)  
  194  15:12  Pylon  
  194  15:13  Nexus  
  194  15:14  Photon Cannon  
  194  15:15  Photon Cannon  
  194  15:19  Photon Cannon x2  
  194  15:22  Shield Battery  
  194  15:24  Pylon  
  194  15:33  Gravitic Drive  
  196  15:39  Zealot x4  
  200  15:44  Warp Prism (Chrono Boost)  
  200  15:45  Warp Prism (Chrono Boost)  
  196  15:53  Photon Cannon  
  196  15:54  Photon Cannon  
  196  15:55  Photon Cannon  
  196  15:56  Photon Cannon  
  196  15:57  Photon Cannon  
  194  15:58  Photon Cannon x2  
  194  15:59  Photon Cannon  
  194  16:00  Photon Cannon  
  194  16:01  Photon Cannon  
  194  16:03  Photon Cannon  
  194  16:06  Photon Cannon  
  194  16:09  Assimilator, Shield Battery  
  194  16:11  High Templar x2, Shield Battery  
  196  16:13  Assimilator  
  198  16:21  High Templar  
  200  16:31  Pylon  
  188  16:59  Zealot x5  
  192  17:11  Zealot x5  
  192  17:23  Protoss Shields Level 2  
  189  17:32  Protoss Air Armor Level 2 (Chrono Boost), High Templar  
  189  17:34  Protoss Air Weapons Level 3 (Chrono Boost)  
  183  17:42  Zealot x7  
  197  18:19  Warp Prism x2  
  191  18:25  Zealot x7  
  193  18:52  High Templar x4  
  195  19:09  Warp Prism x2  
  197  19:32  Zealot  
  186  20:04  Carrier x2 (Chrono Boost)  
  198  20:10  Stargate  
  198  20:14  Stargate  
  196  20:25  Pylon  
  196  20:28  Nexus  
  190  20:46  Zealot x4  
  190  20:47  Zealot x2  
  190  20:49  Warp Prism x2 (Chrono Boost)  
  196  20:51  Shield Battery  
  196  20:52  Photon Cannon  
  196  20:53  Photon Cannon  
  196  20:54  Protoss Shields Level 3 (Chrono Boost), Photon Cannon  
  196  20:56  Photon Cannon  
  200  20:58  Photon Cannon  
  200  21:01  Photon Cannon  
  184  21:20  Protoss Air Armor Level 3  
  184  21:21  High Templar x2  
  184  21:24  Zealot x6  
  200  21:29  Assimilator  
  200  21:31  Assimilator  
  188  21:56  Warp Prism  
  188  21:57  Warp Prism  
  188  22:00  Zealot x3  
  188  22:01  Zealot  
  200  22:04  Dark Shrine  
  182  22:28  High Templar  
  182  22:29  High Templar x3  
  189  22:36  Zealot x6  
  176  23:09  Carrier x2 (Chrono Boost)  
  176  23:10  Carrier (Chrono Boost)  
  200  23:20  Carrier (Chrono Boost)  
  200  23:38  Archon  
  200  23:45  Protoss Ground Armor Level 2 (Chrono Boost)  
  196  23:52  Dark Templar  
  196  23:53  Dark Templar  
  197  24:14  Zealot x4  
  200  24:30  Dark Templar  
  198  24:31  Dark Templar  
  192  24:39  Archon  
  179  24:47  Oracle  
  179  24:51  Warp Prism x2  
  186  24:53  High Templar  
  186  24:54  High Templar x3  
  194  25:01  Pylon  
  194  25:03  Zealot x4  
  191  25:11  Nexus  
  191  25:12  Zealot  
  191  25:13  Zealot  
  193  25:30  Dark Templar  
  193  25:31  Dark Templar  
  187  25:41  Carrier (Chrono Boost)  
  187  25:42  Carrier (Chrono Boost)  
  199  25:51  Stargate  
  199  25:52  Stargate  
  199  25:55  Stargate  
  189  26:00  Zealot x5  
  189  26:01  Zealot  
  195  26:15  Gravitic Boosters  
  183  26:21  Zealot x4  
  183  26:22  Zealot x4  
  183  26:29  Unknown  
  183  26:32  Zealot x8  
  183  27:10  Zealot x8  
  183  27:15  Oracle  
  196  27:24  Zealot  
  196  27:25  Zealot  
  177  27:38  Zealot x8  
  193  27:50  Oracle  
  196  27:55  Zealot x2  
  196  28:03  Zealot x4  
  186  28:20  Nexus  
  184  28:40  Disruptor  
  184  28:41  Disruptor  
  190  28:48  Zealot x4  
  190  28:49  Zealot  
  200  29:04  Tempest (Chrono Boost)  
  199  29:17  Zealot x6  
  198  29:30  Pylon  
  196  29:42  Nexus  
  184  29:49  Zealot x2  
  184  29:50  Zealot x6  
  200  29:58  Photon Cannon  
  200  29:59  Photon Cannon  
  200  30:00  Photon Cannon, Shield Battery x2  
  200  30:01  Photon Cannon, Shield Battery  
  200  30:02  Photon Cannon x2  
  200  30:03  Pylon  
  200  30:05  Photon Cannon  
  184  30:32  Warp Prism x2  
  188  30:39  Assimilator  
  188  30:43  Assimilator  
  188  30:44  Shadow Stride  
  188  30:46  Dark Templar x2  
  188  30:47  Zealot x2  
  188  30:48  Zealot x2  
  200  31:00  Photon Cannon  
  200  31:01  Photon Cannon  
  200  31:06  Mothership (Chrono Boost)  
  192  31:25  Zealot x2  
  192  31:26  Zealot x2  
  200  31:51  High Templar x3  
  187  32:10  High Templar x2  
  187  32:11  Carrier (Chrono Boost)  
  187  32:12  High Templar  
  193  32:16  Protoss Ground Armor Level 3  
  193  32:21  Zealot x3, Warp Prism (Chrono Boost)  
  195  32:35  Dark Templar  
  195  32:36  Zealot  
  195  32:46  Zealot x2  
  195  32:47  Zealot  
  184  33:24  Zealot x6  
  188  33:47  Zealot x3, Tempest (Chrono Boost)  
  196  33:48  Carrier x2 (Chrono Boost)  
  194  34:02  Zealot x5  
  194  34:04  Tempest (Chrono Boost)  
  199  34:17  Oracle (Chrono Boost)  
  184  34:52  Assimilator  
  184  34:54  Warp Prism  
  184  34:57  High Templar x4  
  181  35:22  Zealot x2  
  181  35:23  Zealot x3  
  191  35:40  Nexus  
  187  35:56  Warp Prism  
  177  36:11  Oracle  
  177  36:13  Carrier x3  
  190  36:28  Zealot x5  
  195  37:35  Disruptor (Chrono Boost)  
  194  38:01  Zealot  
  183  39:00  High Templar  
  183  39:01  High Templar x3  
  186  39:02  High Templar  
  186  39:03  High Templar  
  186  39:05  Archon  
  186  39:07  Archon  
  186  39:08  Archon  
  190  39:10  High Templar x2  
  190  39:15  Archon  
  173  39:53  Mothership (Chrono Boost)  
  185  40:08  Probe x4 (Chrono Boost)  
  185  40:15  Probe (Chrono Boost)  
  185  40:16  Probe (Chrono Boost)  
  199  40:26  Void Ray x2  
  199  40:27  Void Ray  
  192  40:48  Tempest x2  
  187  40:56  High Templar  
  187  40:57  High Templar x3  
  195  41:06  Oracle  
  198  41:23  Nexus  
  198  41:57  High Templar  
  197  42:09  Oracle  
  200  42:22  Pylon  
  199  42:39  Archon  
  187  42:47  High Templar x2  
  185  42:54  Archon  
  199  43:02  Void Ray x2  
  199  43:03  Void Ray x3  
  199  43:07  Shield Battery  
  189  43:59  High Templar, Mothership (Chrono Boost)  
  189  44:00  High Templar  
  188  44:50  High Templar x5  
  188  44:51  High Templar x2  
  198  44:55  Archon x3  
  198  44:57  Archon  
  188  46:07  Observer x2 (Chrono Boost)  
  190  46:15  High Templar x2  
  190  46:16  High Templar x2  
  198  46:19  Archon  
  198  46:20  Archon  
Show
View Real Time Build Order
Export as new Build Order

Serral Zerg - Winner!

Build Orders: Hatch First, Brood Lord Corruptor 

Get SALT Encoding   

  12  0:00  Drone  
  13  0:12  Overlord  
  13  0:17  Drone  
  14  0:30  Drone  
  14  0:31  Drone  
  16  0:48  Hatchery  
  15  0:51  Drone  
  15  0:55  Drone  
  17  0:58  Drone  
  18  1:10  Extractor  
  17  1:14  Spawning Pool  
  17  1:16  Drone  
  17  1:20  Drone  
  18  1:28  Drone  
  19  1:40  Drone  
  20  1:51  Overlord  
  20  2:00  Queen x2  
  25  2:01  Zergling x4  
  26  2:10  Drone  
  26  2:11  Drone  
  26  2:14  Metabolic Boost  
  28  2:22  Drone x2  
  30  2:35  Hatchery  
  29  2:39  Drone  
  29  2:41  Drone  
  31  2:44  Overlord  
  31  2:51  Queen  
  33  2:53  Drone  
  33  2:55  Drone  
  33  2:57  Drone  
  36  3:03  Queen  
  38  3:08  Overlord  
  38  3:11  Drone  
  38  3:12  Drone  
  40  3:14  Drone  
  40  3:16  Drone  
  40  3:19  Drone  
  43  3:21  Drone  
  43  3:26  Queen  
  46  3:29  Drone  
  46  3:32  Overlord  
  47  3:39  Drone  
  48  3:42  Queen  
  48  3:44  Drone  
  51  3:49  Queen, Zergling x2  
  51  3:51  Zergling x2  
  51  3:54  Zergling x2  
  56  3:57  Overlord  
  56  3:59  Drone x2  
  56  4:01  Spore Crawler  
  56  4:02  Spore Crawler  
  56  4:04  Drone x2  
  58  4:10  Overlord  
  58  4:12  Overlord  
  59  4:17  Drone x4  
  59  4:23  Zergling x2  
  63  4:26  Drone  
  63  4:28  Drone x4  
  63  4:30  Drone x2  
  67  4:31  Drone  
  67  4:32  Drone  
  69  4:38  Roach Warren  
  69  4:39  Drone  
  69  4:45  Drone x4  
  73  4:49  Drone  
  73  4:50  Drone  
  73  4:51  Zergling x2  
  76  4:58  Zergling x2  
  76  4:59  Drone x5  
  82  5:00  Overlord  
  82  5:01  Overlord  
  82  5:06  Overlord  
  82  5:08  Lair  
  82  5:11  Extractor  
  82  5:12  Evolution Chamber  
  82  5:13  Drone  
  81  5:15  Drone  
  81  5:17  Drone  
  81  5:20  Drone  
  83  5:21  Drone  
  83  5:26  Drone x4  
  83  5:27  Hatchery  
  87  5:29  Extractor  
  87  5:31  Drone x4  
  87  5:35  Overlord  
  90  5:36  Drone  
  90  5:37  Drone x2  
  90  5:39  Zerg Melee Weapons Level 1  
  90  5:41  Extractor  
  91  5:45  Drone x3  
  94  5:51  Spore Crawler, Drone  
  94  5:52  Overlord  
  94  5:55  Extractor  
  94  5:57  Extractor, Baneling Nest  
  92  5:58  Roach, Drone x2  
  92  5:59  Roach x3  
  92  6:02  Overlord  
  101  6:05  Roach x2  
  101  6:06  Roach  
  101  6:07  Overseer  
  106  6:16  Glial Reconstitution  
  105  6:20  Roach  
  105  6:23  Drone x4  
  111  6:29  Roach  
  111  6:30  Roach x5  
  111  6:31  Overlord  
  123  6:34  Overlord  
  123  6:36  Drone x4  
  126  6:48  Overlord  
  126  6:52  Roach  
  126  6:53  Roach x2  
  132  6:55  Overlord  
  132  6:58  Infestation Pit, Drone  
  132  6:59  Centrifugal Hooks  
  132  7:04  Roach x2  
  132  7:05  Roach x2  
  132  7:06  Drone x4  
  132  7:08  Overlord  
  144  7:09  Overlord  
  144  7:14  Drone  
  144  7:15  Drone x4  
  149  7:16  Hatchery  
  149  7:17  Extractor x2  
  149  7:21  Spire, Drone x8  
  153  7:24  Ravager x3  
  153  7:29  Pneumatized Carapace  
  156  7:35  Overlord  
  156  7:37  Hive  
  156  7:39  Evolution Chamber  
  156  7:40  Zergling x18  
  164  7:44  Zerg Missile Weapons Level 1  
  164  7:46  Overlord  
  164  7:49  Overlord  
  164  7:53  Zergling x20  
  174  8:02  Overlord  
  174  8:03  Drone x2  
  174  8:04  Zergling x2  
  174  8:05  Zergling x6  
  180  8:10  Zerg Melee Weapons Level 2  
  180  8:15  Zergling x2  
  180  8:16  Zergling x6  
  178  8:32  Zergling x30  
  190  8:53  Greater Spire, Adrenal Glands  
  190  8:55  Overseer  
  187  9:01  Spore Crawler  
  182  9:03  Drone x2  
  182  9:04  Spine Crawler, Baneling x10  
  182  9:05  Spine Crawler, Baneling x4  
  182  9:06  Baneling x6  
  182  9:07  Hatchery, Zergling x16  
  189  9:19  Baneling x3  
  189  9:20  Baneling x11  
  189  9:28  Zergling x2  
  189  9:29  Zergling x52  
  183  9:35  Zergling x6  
  165  9:40  Roach x4  
  165  9:44  Ravager x5, Baneling  
  165  9:45  Baneling x9  
  178  9:49  Zergling x14  
  181  9:55  Zergling x12  
  181  9:58  Zergling x2  
  181  9:59  Queen x2, Zergling x2  
  161  10:02  Zergling x2  
  155  10:07  Zergling x8  
  155  10:08  Zergling x4  
  155  10:11  Baneling  
  155  10:12  Baneling x6  
  155  10:13  Queen x2  
  155  10:14  Queen  
  159  10:20  Zergling x22  
  166  10:22  Baneling x9  
  166  10:25  Corruptor  
  168  10:28  Corruptor x2  
  168  10:34  Corruptor x4  
  177  10:48  Corruptor  
  176  10:52  Hydralisk Den  
  176  10:54  Extractor x2  
  171  10:59  Brood Lord x3, Corruptor  
  179  11:04  Brood Lord x2  
  179  11:06  Brood Lord  
  179  11:09  Drone x3  
  179  11:11  Spine Crawler x2  
  186  11:12  Spine Crawler  
  186  11:13  Brood Lord  
  187  11:26  Brood Lord  
  187  11:27  Zergling x20  
  199  11:36  Baneling x7  
  189  11:49  Brood Lord, Overlord  
  189  11:50  Overlord  
  189  11:51  Overlord  
  189  11:56  Drone x2  
  189  11:57  Overlord  
  189  12:02  Overlord  
  189  12:03  Overlord  
  189  12:07  Zerg Ground Armor Level 1, Zerg Melee Weapons Level 3  
  189  12:09  Hatchery  
  189  12:11  Drone x2  
  189  12:12  Drone  
  189  12:14  Zerg Flyer Weapons Level 1  
  189  12:15  Overseer  
  191  12:21  Drone x4  
  195  12:24  Spine Crawler  
  195  12:25  Spine Crawler x2  
  195  12:27  Spine Crawler, Infestor x4  
  199  12:45  Spore Crawler  
  199  12:46  Spore Crawler x4  
  199  12:47  Corruptor x3  
  200  12:52  Extractor  
  200  12:53  Extractor  
  188  13:08  Pathogen Glands, Burrow  
  188  13:11  Corruptor x6  
  200  13:18  Hatchery  
  198  13:25  Corruptor x2  
  198  13:26  Overseer  
  195  13:46  Infestor  
  195  13:47  Infestor  
  184  13:53  Drone x2  
  184  13:54  Drone x2  
  184  13:55  Drone x2  
  187  13:56  Infestor  
  187  13:57  Infestor x2  
  187  14:00  Drone x3  
  191  14:06  Drone x4  
  191  14:07  Drone x2  
  191  14:08  Zerg Flyer Armor Level 1  
  190  14:10  Zergling x12  
  196  14:23  Neural Parasite  
  196  14:29  Spore Crawler  
  195  14:31  Overseer  
  195  14:40  Overseer  
  195  14:41  Overseer  
  195  14:55  Zergling x8  
  199  15:01  Lurker Den  
  198  15:33  Drone x7  
  198  15:52  Drone  
  198  15:54  Spore Crawler  
  198  15:56  Spore Crawler  
  197  16:01  Seismic Spines  
  197  16:03  Overseer, Drone x2  
  199  16:05  Drone  
  199  16:19  Hatchery, Zerg Flyer Armor Level 2  
  199  16:22  Spire  
  197  16:29  Viper, Spore Crawler  
  197  16:30  Spore Crawler x2  
  197  16:31  Viper, Spore Crawler  
  199  16:39  Spore Crawler  
  197  16:51  Drone x5  
  197  16:52  Drone x2  
  199  16:57  Drone x3  
  199  16:58  Adaptive Talons  
  185  17:02  Drone  
  185  17:03  Drone x10  
  196  17:10  Drone x3  
  197  17:33  Zerg Flyer Weapons Level 2  
  197  17:42  Queen x4  
  197  17:43  Queen x3  
  197  17:52  Spore Crawler  
  197  17:53  Spore Crawler  
  197  17:57  Corruptor x2  
  193  18:52  Corruptor x4  
  199  18:58  Drone x2  
  199  19:00  Zerg Flyer Armor Level 3  
  200  19:09  Extractor  
  199  19:10  Extractor  
  197  19:40  Corruptor  
  199  19:47  Overlord x2  
  199  20:00  Zerg Missile Weapons Level 2, Zerg Ground Armor Level 2  
  199  20:05  Zerg Flyer Weapons Level 3  
  199  20:08  Overseer  
  197  20:37  Corruptor  
  197  21:04  Drone x2  
  194  21:14  Zergling x14  
  194  21:15  Lair  
  199  21:26  Hatchery  
  195  21:43  Viper  
  195  21:44  Corruptor  
  196  22:25  Ultralisk Cavern, Zergling x10  
  196  22:27  Drone  
  196  22:28  Drone x2  
  199  22:38  Drone  
  199  22:49  Drone  
  196  23:00  Baneling x7  
  196  23:01  Baneling, Zergling x10  
  200  23:10  Overseer  
  200  23:14  Chitinous Plating  
  200  23:15  Zerg Missile Weapons Level 3, Zerg Ground Armor Level 3  
  196  23:25  Zergling x2  
  196  23:26  Zergling x6  
  200  23:40  Drone x3  
  197  23:47  Zergling x6  
  194  24:10  Zergling x14  
  197  24:17  Overlord  
  197  24:18  Drone x3  
  197  24:22  Hatchery  
  191  24:24  Overseer  
  191  24:25  Zergling x8  
  191  24:26  Zergling x10  
  200  24:32  Anabolic Synthesis  
  200  24:42  Lair  
  199  24:59  Hatchery  
  196  25:08  Hatchery  
  196  25:09  Hydralisk  
  196  25:11  Greater Spire  
  196  25:12  Spire  
  194  25:28  Spawning Pool  
  187  25:58  Overseer  
  186  26:04  Extractor, Hydralisk x4  
  186  26:07  Spore Crawler  
  186  26:08  Extractor  
  186  26:09  Lurker Den  
  188  26:34  Muscular Augments  
  188  26:35  Drone x2  
  188  26:36  Zergling x2  
  188  26:37  Zergling x14  
  188  26:38  Lurker Den  
  197  26:47  Corruptor  
  198  27:14  Zergling x4  
  199  27:28  Hatchery  
  191  27:31  Corruptor x4  
  199  27:41  Drone x2  
  199  27:45  Grooved Spines  
  199  27:50  Overlord x3  
  199  27:51  Lurker x4  
  186  27:55  Hatchery  
  186  27:56  Zergling x20  
  195  27:58  Overlord x2  
  195  28:03  Zergling x8  
  195  28:07  Hatchery  
  192  28:31  Infestor x4  
  198  28:35  Hatchery  
  196  28:57  Drone  
  194  29:22  Viper, Corruptor  
  197  29:31  Brood Lord  
  197  29:34  Overlord x2  
  194  30:06  Zergling x2  
  194  30:07  Zergling x10  
  200  30:10  Drone x8  
  193  30:36  Corruptor x2  
  193  30:37  Hatchery  
  196  30:46  Brood Lord  
  194  31:28  Zergling x2  
  194  31:29  Zergling x10  
  200  31:38  Drone x5  
  200  31:39  Drone x2  
  196  31:54  Hatchery  
  195  32:07  Baneling Nest  
  194  32:09  Hydralisk x2  
  196  32:41  Spawning Pool  
  194  32:51  Brood Lord  
  196  32:52  Corruptor x2  
  200  33:13  Extractor  
  200  33:15  Extractor, Overseer  
  198  33:20  Spire  
  185  33:50  Lurker x2  
  185  33:54  Spore Crawler  
  185  33:55  Hatchery, Spore Crawler x2  
  183  33:56  Spore Crawler x2  
  183  33:57  Spore Crawler  
  179  34:51  Zergling x30  
  193  35:00  Zergling x12  
  193  35:04  Hatchery  
  190  35:21  Corruptor x4  
  194  35:35  Corruptor  
  194  35:36  Corruptor x2  
  193  35:51  Hatchery  
  190  36:09  Greater Spire, Hive  
  190  36:13  Overseer, Viper, Corruptor x2  
  190  36:14  Corruptor  
  197  36:25  Drone  
  197  36:30  Overlord  
  197  36:33  Overlord  
  196  36:55  Hatchery  
  196  36:56  Corruptor x2  
  193  38:03  Zergling x10  
  199  38:12  Drone x3  
  199  38:15  Drone x3  
  193  38:47  Corruptor x4  
  199  38:53  Drone  
  178  39:50  Corruptor x7  
  189  39:59  Infestor x2  
  188  40:00  Infestor x2  
  188  40:03  Corruptor  
  198  40:12  Hatchery  
  197  40:46  Corruptor x3  
  197  40:48  Extractor  
  198  40:50  Extractor  
  197  41:04  Drone x2  
  197  41:19  Brood Lord  
  197  42:16  Queen  
  192  42:38  Viper x2  
  198  42:57  Viper  
  196  43:52  Zergling x10  
  198  44:27  Hatchery  
  193  44:49  Viper  
  196  44:55  Queen  
  198  45:08  Drone  
  194  45:42  Brood Lord x2  
  188  45:43  Infestor x3  
  188  45:45  Corruptor x3  
  198  46:03  Corruptor  
  197  47:12  Brood Lord  
  197  47:13  Brood Lord  
  197  47:14  Brood Lord  
  200  47:25  Overseer  
  165  48:59  Corruptor x2  
Tags
 
Add a new tag
Caveats
  • Supply blocks, unpowered buildings, or Contaminate may cause inaccurate times.
  • Supply counts are checked every 10 seconds.